 Dungeon Crawl Stone Soup version 0.26-a0-668-gd58323b419 (webtiles) character file.

Game seed: 14000357714088265953

1367 mandarbmax the Grappler (level 8, 0/61 HPs)
             Began as a Purple Draconian Transmuter on Oct 17, 2020.
             Was a Follower of Wu Jian.
             Slain by a lemure (4 damage)
             ... led by Pikel
             ... on level 6 of the Dungeon on Oct 19, 2020.
             The game lasted 00:17:09 (6220 turns).

mandarbmax the Grappler (DrTm)                      Turns: 6220, Time: 00:17:12

Health: 0/61       AC:  2    Str: 19    XL:     8   Next: 38%
Magic:  8/13       EV: 20    Int: 15    God:    Wu Jian [*.....]
Gold:   388        SH:  0    Dex: 17    Spells: 6/13 levels left

rFire    . . .     SeeInvis +     - Unarmed
rCold    . . .     Faith    .   (shield currently unavailable)
rNeg     . . .     Spirit   .   (armour unavailable)
rPois    x         Reflect  .   (helmet currently unavailable)
rElec    .         Harm     .   (cloak currently unavailable)
rCorr    .         Rampage  .   (gloves currently unavailable)
MR       +....                  (boots currently unavailable)
Stlth    ++........             (no amulet)
HPRegen  0.20/turn              b - +6 ring of strength
MPRegen  0.13/turn              j - ring of see invisible

@: spider-form (expiring)
A: tiny, (breathe power), unfitting armour, AC +6
a: End Transformation, Renounce Religion


You were on level 6 of the Dungeon.
You worshipped Wu Jian.
Wu Jian was aware of your devotion.
You were a venomous arachnid creature.
You visited 1 branch of the dungeon, and saw 6 of its levels.

You collected 388 gold pieces.

Inventory:

Missiles
 f - 6 boomerangs
 k - 69 poisoned darts (quivered)
Armour
 n - a +0 pair of gloves (melded)
Jewellery
 b - a +6 ring of strength (left front leg)
 j - a ring of see invisible (right front leg)
Wands
 a - a wand of digging (4)
Scrolls
 d - 3 scrolls of remove curse
 l - 2 scrolls of immolation
 o - a scroll of teleportation
 q - a scroll of summoning {unknown}
Potions
 c - 2 potions of cancellation
 e - a potion of haste
 g - 3 potions of flight
 h - a potion of berserk rage
 i - 2 potions of curing
 m - a potion of brilliance
 p - a potion of invisibility


   Skills:
 - Level 2.0 Fighting
 - Level 2.1 Dodging
 + Level 9.7 Unarmed Combat
 + Level 3.4 Spellcasting
 - Level 4.0 Transmutations


You had 6 spell levels left.
You knew the following spells:

 Your Spells              Type           Power        Failure   Level
a - Beastly Appendage     Tmut           ##....       12%         1
b - Wereblood             Tmut           ##......     16%         2
c - Spider Form           Tmut/Pois      #.........   47%         3
z - Animate Skeleton      Necr           #.....       38%         1

Your spell library contained the following spells:

 Spells                   Type           Power        Failure   Level
 Apportation              Tloc           #.....       38%         1
 Corona                   Hex            #......      38%         1
 Summon Small Mammal      Summ           #...         38%         1
 Ice Form                 Ice/Tmut       #.......     82%         4
 Blade Hands              Tmut           ##........   87%         5


Dungeon Overview and Level Annotations

Branches:
Dungeon (6/15)             Temple (0/1) D:4

Altars:
Elyvilon
Gozag
Trog
Vehumet
Wu Jian

Annotations:
D:6 Pikel


Innate Abilities, Weirdness & Mutations

((You can breathe bolts of dispelling energy.))
((Your rich purple scales are hard. (AC +6)))
You cannot fit into any form of body armour.
((You are cold-blooded and may be slowed by cold attacks.))


Message History

Found a club.
You barely miss Pikel.
Pikel is moderately wounded.
The lemure closely misses you.
Pikel hits you with a +1 whip of electrocution.
You are electrocuted!
* * * LOW HITPOINT WARNING * * *
The lemure closely misses you. The lemure hits you but does no damage.
You spin and attack the lemure.
You hit the lemure.
The lemure is heavily wounded.
You spin and attack Pikel.
You bite Pikel!
Pikel looks as sick as possible!
Pikel is almost dead.
You hit Pikel.
Pikel is almost dead.
Your transformation is almost over.
The lemure completely misses you.
Pikel zaps a wand.
The puff of flame hits you!
* * * LOW HITPOINT WARNING * * *
The lemure hits you.
You die...

#.### ##### #########
.(..## ###........
.....### ###..........
....†..## #...?........
........# #............
........# ##............
.....(..###.............
.<........#....K55......
........##(.)..5s.......
........###...........)#
.......## #####....#####
.......# ###....
......## ###.. ..####
##.. ### .


You could see Pikel (extremely poisoned) and 3 lemures.

Vanquished Creatures
  Grinder (D:4)
  Sigmund (D:4)
  A water moccasin (D:4)
  A phantom (D:4)
  A centaur (D:6)
  An ogre (D:2)
  Blork the orc (D:4)
  A lemure (D:6)
  A scorpion (D:4)
  A bullfrog skeleton (D:5)
  2 hounds (D:4)
  3 orc priests
  2 orc wizards
  2 worker ants
  4 gnolls (D:3)
  2 howler monkey skeletons (D:4)
  9 adders
  A white imp (D:6)
  An ufetubus (D:6)
  2 oozes (D:4)
  An adder skeleton (D:4)
  3 worms
  3 dart slugs
  3 leopard geckos
  17 orcs
  8 bats
  7 giant cockroaches
  7 goblins
  7 hobgoblins
  14 jackals
  4 kobolds
  A ball python (D:3)
  5 frilled lizards
  A jackal skeleton (D:5)
  7 rats
126 creatures vanquished.

Notes
Turn   | Place    | Note
-------+----------+-------------------------------------------
     0 | D:1      | mandarbmax the Draconian Transmuter began the quest for the
                  | Orb.
     0 | D:1      | Reached XP level 1. HP: 16/16 MP: 3/3
   165 | D:1      | Reached XP level 2. HP: 10/23 MP: 0/5
  1008 | D:2      | Reached XP level 3. HP: 29/29 MP: 4/6
  1092 | D:2      | Learned a level 2 spell: Wereblood
  1683 | D:2      | Reached XP level 4. HP: 27/36 MP: 4/7
  1775 | D:2      | Noticed an ogre
  1785 | D:2      | Killed an ogre
  1785 | D:2      | Reached skill level 4 in Unarmed Combat
  1785 | D:2      | Reached XP level 5. HP: 22/41 MP: 4/8
  1790 | D:2      | Learned a level 3 spell: Spider Form
  3026 | D:3      | Found a radiant altar of Vehumet.
  3026 | D:3      | Found a bloodstained altar of Trog.
  3031 | D:3      | Found an opulent altar of Gozag.
  3034 | D:3      | Found an ornate altar of the Wu Jian Council.
  3035 | D:3      | Found a white marble altar of Elyvilon.
  3041 | D:3      | Became a worshipper of the Wu Jian Council
  3090 | D:3      | Reached skill level 5 in Unarmed Combat
  3141 | D:3      | Upgraded the game from 0.26-a0-667-g92642533e4 to
                  | 0.26-a0-668-gd58323b419
  3314 | D:3      | Reached XP level 6. HP: 25/48 MP: 5/9
  3717 | D:4      | Reached skill level 6 in Unarmed Combat
  3732 | D:4      | Noticed Blork the orc
  3737 | D:4      | Killed Blork the orc
  3737 | D:4      | Your scales start taking on a rich purple colour.
  3737 | D:4      | Reached XP level 7. HP: 55/55 MP: 11/11
  3769 | D:4      | Noticed Sigmund
  3779 | D:4      | Reached skill level 7 in Unarmed Combat
  3794 | D:4      | Killed Sigmund
  3954 | D:4      | Reached * piety under Wu Jian
  4028 | D:4      | Reached skill level 8 in Unarmed Combat
  4122 | D:4      | Found a staircase to the Ecumenical Temple.
  4589 | D:4      | Noticed Grinder
  4598 | D:4      | Killed Grinder
  4598 | D:4      | Reached skill level 9 in Unarmed Combat
  4598 | D:4      | Reached XP level 8. HP: 55/61 MP: 8/12
  4821 | D:5      | Entered Level 5 of the Dungeon
  5508 | D:5      | Learned a level 1 spell: Animate Skeleton
  6206 | D:6      | Noticed Pikel
  6220 | D:6      | Slain by a lemure

Illustrated notes

Levels and vault maps discovered:
D:1:      dpeg_arrival_leaves_temple_mockup, layout_rooms, minmay_tetromino_s4
D:2:      layout_loops_ring, kennysheep_generic_room_6
D:3:      layout_loops_ring, chequers_temple_overflow_minitemple
D:4:      layout_loops_ring, minmay_temple_entry_crystal_x, serial_park_tiny_1,
          uniq_sigmund, uniq_grinder, uniq_blork_the_orc
D:5:      layout_loops_ring, nrook_mini_vaults
D:6:      layout_cave_pods, uniq_pikel

Skill      XL: |  1  2  3  4  5  6  7  8 |
---------------+-------------------------+-----
Dodging        | 2 |  2.1
Fighting       | 2 |  2.0
Unarmed Combat | 4 5 6 9 |  9.7
Transmutations | 3 4 |  4.0
Spellcasting   | 3 |  3.4

Action                   |  1- 3 |  4- 6 |  7- 9 || total
-------------------------+-------+-------+-------++-------
Melee: Unarmed           |   129 |   106 |   111 ||   346
       Kick              |    18 |    19 |     3 ||    40
       Tailslap          |    15 |     9 |     2 ||    26
       Headbutt          |    11 |    14 |     2 ||    27
       Punch             |     1 |     1 |       ||     2
Throw: Dart              |       |     1 |    13 ||    14
 Cast: Beastly Appendage |    23 |    20 |     2 ||    45
       Wereblood         |     3 |     5 |     3 ||    11
       Spider Form       |       |     1 |    21 ||    22
Invok: Lunge             |       |     5 |    12 ||    17
       Whirlwind         |       |       |     7 ||     7
 Abil: Breathe Dispellin |       |       |     2 ||     2
  Use: Potion            |       |     3 |       ||     3
       Scroll            |       |     5 |     7 ||    12
 Stab: Sleeping          |       |       |     1 ||     1
Armor: Skin              |    47 |    23 |     7 ||    77
Dodge: Dodged            |    83 |    57 |    64 ||   204

Table legend: (Time is in decaauts)
 A = Elapsed time spent in this place.
 B = Non-inter-level travel time spent in this place.
 C = Inter-level travel time spent in this place.
 D = Time resting spent in this place.
 E = Time spent auto-exploring this place.
 F = Levels seen in this place.
 G = Mean time per level.
                   A        B        C        D        E       F      G
               +--------+--------+--------+--------+--------+-----+--------+
         Total |   6187 |   5959 |    228 |   1526 |   3637 |   6 | 1031.2 |
       Dungeon |   6187 |   5959 |    228 |   1526 |   3637 |   6 | 1031.2 |
               +--------+--------+--------+--------+--------+-----+--------+

Top non-repeatable levels by time:
     D:2: 1694 daAuts
     D:4: 1122 daAuts
     D:3: 1057 daAuts
     D:5: 953 daAuts
     D:1: 922 daAuts
     D:6: 438 daAuts
